 Seeded DCSS version 0.31-a0-180-g519b7de00c (webtiles) character file.

Game seed: 18402847756181476443 (custom seed)

21 innerfire43 the Trooper (level 2, -13/24 HPs)
             Began as a Demonspawn Monk on June 19, 2023.
             Mangled by a howler monkey (18 damage)
             ... on level 4 of the Dungeon.
             The game lasted 00:00:38 (709 turns).

innerfire43 the Trooper (Demonspawn Monk)            Turns: 709, Time: 00:00:38

Health: -13/24     AC:  2    Str: 11    XL:     2   Next: 62%
Magic:  2/2        EV:  2    Int: 11    God:
Gold:   88         SH:  0    Dex: 15    Spells: 1/1 levels left

rFire   . . .        a - +0 spear
rCold   . . .        d - orb {light}
rNeg    . . .        b - +0 robe
rPois   .            (no helmet)
rElec   .            (no cloak)
rCorr   .            (no gloves)
SInv    .            (no boots)
Will    .....        (no amulet)
Stlth   +            (no ring)
HPRegen 0.24/turn    (no ring)
MPRegen 0.08/turn

%: no passive effects
@: sleeping, glowing
A: demonic magic 1
a: no special abilities


You were on level 4 of the Dungeon.
You visited 1 branch of the dungeon, and saw 3 of its levels.

You collected 88 gold pieces.

Inventory:

Hand Weapons
 a - a +0 spear (weapon)
Armour
 b - a +0 robe (worn)
 d - an orb of light (worn)
Scrolls
 e - 2 scrolls of enchant armour {unknown}
 f - 2 scrolls of identify {unknown}
 h - 2 scrolls of enchant weapon {unknown}
 i - 2 scrolls of teleportation {unknown}
 k - a scroll of poison {unknown}
 l - a scroll of amnesia {unknown}
Potions
 c - a potion of ambrosia
 g - a potion of invisibility {unknown}
 j - a potion of heal wounds {unknown}


   Skills:
 + Level 3.3 Fighting
 * Level 3.1 Polearms
 + Level 3.0 Dodging


You had one spell level left.
You didn't know any spells.
Your spell library was empty.

Dungeon Overview and Level Annotations

Branches:
Dungeon (2/15)

Altars:

Annotations:
D:2 Sigmund


Innate Abilities, Weirdness & Mutations

Spells you cast may paralyse adjacent enemies.


Message History

The endoplasm is heavily wounded.
The howler monkey hoots and howls with incredible vigour!
You hit the endoplasm.
You kill the endoplasm!
Your Dodging skill increases to level 3!
You hit the howler monkey but do no damage.
A sleepcap comes into view.
The howler monkey barely misses you.
You hit the howler monkey.
The howler monkey is moderately wounded.
The howler monkey closely misses you.
You closely miss the howler monkey.
The howler monkey is moderately wounded.
The howler monkey closely misses you.
You hit the howler monkey.
The howler monkey is moderately wounded.
The howler monkey closely misses you. The howler monkey hits you.
You hit the howler monkey.
The howler monkey is moderately wounded.
An ogre comes into view. It is wielding a +0 giant club.
The howler monkey hits you.
You hit the howler monkey.
The howler monkey is heavily wounded.
The howler monkey hits you.
You are too injured to fight recklessly!
Unknown command.
The sleepcap misses you. The sleepcap attacks as you move away!
The sleepcap releases spores at you.
The howler monkey attacks as you move away!
The howler monkey closely misses you.
The howler monkey hoots and howls with incredible vigour!
The howler monkey hits you but does no damage.
You hear a shout!
You hear an angry hiss.
The sleepcap releases spores at you.
* * * LOW HITPOINT WARNING * * *
You are engulfed in a cloud of soporific spores!
You fall asleep.
The howler monkey hits you!!
Ouch! That really hurt!
You die...

#+# #.# #.# #.#
# #.# .#
#.########.#
#..........#
###@hO...##
#.f....#
#......#
#......#
..............
............###
.............#
##...........#
#...........#


You could see an ogre, a sleepcap and a howler monkey (catching breath).

Vanquished Creatures
  2 bats (D:1)
  3 endoplasms
  2 giant cockroaches (D:1)
  2 goblins (D:1)
  2 hobgoblins (D:1)
  A kobold (D:1)
  2 quokkas (D:1)
  A ball python (D:1)
  2 rats (D:1)
17 creatures vanquished.

Notes
Turn   | Place    | Note
-------+----------+-------------------------------------------
     0 | D:1      | innerfire43 the Demonspawn Monk began the quest for the
                  | Orb.
     0 | D:1      | Reached XP level 1. HP: 18/18 MP: 1/1
   128 | D:1      | Gained mutation: Spells you cast may paralyse adjacent
                  | enemies. [demonic ancestry]
   128 | D:1      | Reached XP level 2. HP: 24/24 MP: 2/2
   682 | D:2      | Noticed Sigmund
   683 | D:2      | You fall into a shaft and drop 2 floors!
   694 | D:4      | Noticed a howler monkey
   702 | D:4      | Noticed an ogre
   709 | D:4      | Mangled by a howler monkey

Illustrated notes

Levels and vault maps discovered:
D:1:      dpeg_arrival_prison, layout_loops_ring
D:2:      minmay_general_purpose_star, layout_loops_ring, minmay_tiny_reverse_x,
          uniq_sigmund
D:4:      layout_basic, serial_shops, shop, nicolae_specific_store

Skill      XL: |  1  2 |
---------------+-------+-----
Polearms       | 3 |  3.1
Dodging        | 3 |  3.0
Fighting       | |  3.3

Action                     || total
---------------------------++-------
  Melee: Spear             ||    48
   Stab: Sleeping          ||     1
 Armour: Robe              ||     4
  Dodge: Dodged            ||    20

Table legend: (Time is in decaauts)
 A = Elapsed time spent in this place.
 B = Non-inter-level travel time spent in this place.
 C = Inter-level travel time spent in this place.
 D = Time resting spent in this place.
 E = Time spent auto-exploring this place.
 F = Levels seen in this place.
 G = Mean time per level.
                   A        B        C        D        E       F      G
               +--------+--------+--------+--------+--------+-----+--------+
         Total |    706 |    706 |      0 |      0 |    587 |   3 |  235.3 |
       Dungeon |    706 |    706 |      0 |      0 |    587 |   3 |  235.3 |
               +--------+--------+--------+--------+--------+-----+--------+

Top non-repeatable levels by time:
     D:1: 678 daAuts
     D:4: 25 daAuts
     D:2: 2 daAuts
